 Dungeon Crawl Stone Soup version 0.21.1-1-g345015f (webtiles) character file.

0 glosham the Skirmisher (level 1, -7/23 HPs)
             Began as a Gnoll Abyssal Knight on June 11, 2018.
             Was a Follower of Lugonu.
             Mangled by a small abomination (11 damage)
             ... on level 2 of the Abyss.
             The game lasted 00:02:42 (103 turns).

glosham the Skirmisher (Gnoll Abyssal Knight)        Turns: 103, Time: 00:02:43

Health: -7/23      AC:  3    Str: 14    XL:     1   Next: 0%
Magic:  3/3        EV: 12    Int: 14    God:    Lugonu [*.....]
Gold:   0          SH:  0    Dex: 14    Spells: 0/0 levels left

rFire    . . .     SeeInvis .   a - +1 hand axe
rCold    . . .     Gourm    .   (no shield)
rNeg     + . .     Faith    .   b - +0 leather armour
rPois    .         Spirit   .   (no helmet)
rElec    .         Reflect  .   (no cloak)
rCorr    .         Harm     .   (no gloves)
MR       .....                  (no boots)
Stlth    +.........             (no amulet)
HPRegen  0.00/turn              e - ring of positive energy
MPRegen  0.08/turn              (no ring)

@: non-regenerating, diseased
A: distributed training, fangs 1, strong nose
a: Depart the Abyss, Renounce Religion


You were on level 2 of the Abyss.
You worshipped Lugonu.
Lugonu was aware of your devotion.
You were not hungry.

You visited 0 branches of the dungeon, and saw 0 of its levels.
You visited the Abyss 1 time.

Inventory:

Hand Weapons
 a - a +1 hand axe (weapon)
Armour
 b - a +0 leather armour (worn)
Jewellery
 e - a ring of positive energy (left hand)
Wands
 f - a wand of flame (18)
Scrolls
 g - 2 scrolls of fog
Comestibles
 c - a ration


   Skills:
 + Level 6.4 Fighting
 + Level 0.0 Short Blades
 + Level 0.0 Long Blades
 + Level 4.4 Axes
 + Level 0.0 Maces & Flails
 + Level 0.0 Polearms
 + Level 0.0 Staves
 + Level 0.0 Slings
 + Level 0.0 Bows
 + Level 0.0 Crossbows
 + Level 0.0 Throwing
 + Level 4.4 Armour
 + Level 2.3 Dodging
 + Level 0.0 Stealth
 + Level 0.0 Shields
 + Level 0.0 Unarmed Combat
 + Level 0.0 Spellcasting
 + Level 0.0 Conjurations
 + Level 0.0 Hexes
 + Level 0.0 Charms
 + Level 0.0 Summonings
 + Level 0.0 Necromancy
 + Level 0.0 Translocations
 + Level 0.0 Transmutations
 + Level 0.0 Fire Magic
 + Level 0.0 Ice Magic
 + Level 0.0 Air Magic
 + Level 0.0 Earth Magic
 + Level 0.0 Poison Magic
 + Level 4.4 Invocations
 + Level 0.0 Evocations


You couldn't memorise any spells.
You didn't know any spells.

Dungeon Overview and Level Annotations

Branches:
Dungeon (0/15)

Altars:


Innate Abilities, Weirdness & Mutations

Your experience applies equally to all skills.
You have very sharp teeth.
Your uncanny sense of smell can sniff out nearby items.


Message History

You see here a scroll labeled ITZIZY IXOPP.
e - a scroll labeled ITZIZY IXOPP You see here a wand of flame (18).
f - a wand of flame (18)
You see here a scroll labeled IGOKIH EL KOJUVE.
As you read the scroll labeled IGOKIH EL KOJUVE, it crumbles to dust.
You feel blessed for a moment.
It was a scroll of remove curse.
As you read the scroll labeled ITZIZY IXOPP, it crumbles to dust.
A profound silence engulfs you.
It was a scroll of silence.
Found a bronze ring.
You see here a bronze ring.
e - a bronze ring Put on which piece of jewellery? (? for menu, Esc to quit)
e - a ring of positive energy (left hand)
Your hearing returns.
Found 3 scrolls labeled QASUIG FEUSE.
You see here 3 scrolls labeled QASUIG FEUSE.
g - 3 scrolls labeled QASUIG FEUSE
As you read the scroll labeled QASUIG FEUSE, it crumbles to dust.
The scroll dissolves into smoke.
It was a scroll of fog.
Okay, then.
Found a robe.
A small abomination comes into view.
A starcursed mass comes into view.
A tentacled starspawn comes into view.
You feel yourself growing ill in the presence of the ancient zyme.
The small abomination barely misses you.
An ancient zyme comes into view.
You feel ill.
Tentacles burst from the starspawn's body!
The small abomination hits you!!
Ouch! That really hurt!
* * * LOW HITPOINT WARNING * * *
2 starspawn tentacles come into view.
As you read the scroll labeled JIFACI GUSURIOFOG, it crumbles to dust.
You assume a fearsome visage.
The small abomination is unaffected.
The tentacled starspawn is unaffected.
The ancient zyme is unaffected.
The starspawn tentacle is unaffected. x2; It was a scroll of fear.
The small abomination hits you!
You die...

#.#.# #.#..## ##. X
#.... ##### .# #...
#....X.#.##.#..##...
###.#.##.##...## .#...
.##.#.#...## #
..##.#X....#...#.#.
##....X<##.─w...#...
#..##.#.#───.x##..#..#
.#. #. .#.V.#@.....# .
.. ...#...####..#....
. .. ....#.### .#.# .
...#..#[#.# ## #
.#.#..#..# ##. .#...
..#. .


You could see a starcursed mass, a tentacled starspawn, a small abomination and
a starspawn tentacle.

Vanquished Creatures (others)
  A starspawn tentacle (Abyss:2)
1 creature vanquished.

Notes
Turn   | Place    | Note
-------+----------+-------------------------------------------
     0 | Abyss:1  | glosham the Gnoll Abyssal Knight began the quest for the Orb.
     0 | Abyss:1  | Reached XP level 1. HP: 23/23 MP: 3/3
    87 | Abyss:2  | Noticed a small abomination
    91 | Abyss:2  | Noticed a starcursed mass
    95 | Abyss:2  | Noticed a tentacled starspawn
    99 | Abyss:2  | Noticed an ancient zyme
   103 | Abyss:2  | Mangled by a small abomination

Action                   || total
-------------------------++-------
  Use: Scroll            ||     4
Dodge: Dodged            ||     1

Table legend:
 A = Turns spent in this place as a percentage of turns spent in the entire game.
 B = Non-inter-level travel turns spent in this place as a percentage of non-inter-level travel turns spent in the entire game.
 C = Inter-level travel turns spent in this place as a percentage of turns spent in this place.
 D = Turns resting spent in this place as a percentage of non-inter-level travel turns spent in this place.
 E = Turns spent auto-exploring this place as a percentage of non-inter-level travel turns spent in this place.
 F = Non-inter-level travel turns spent in this place divided by the number of levels of this place that you've seen.
                   A       B       C       D       E      F
               +-------+-------+-------+-------+-------+----------------------
         Total | 100.0 | 100.0 |   0.0 |   0.0 |   0.0 |  51.5
         Abyss | 100.0 | 100.0 |   0.0 |   0.0 |   0.0 |  51.5
               +-------+-------+-------+-------+-------+----------------------

Vault maps used:
Abyss:2:  hangedman_abyss_shoalhut
